 Dungeon Crawl Stone Soup version 0.18.1-1-g2f07953 (webtiles) character file.

211 M4edhros the Covert (level 5, -2/33 HPs)
             Began as an Octopode Artificer on May 7, 2016.
             Was an Initiate of Gozag.
             Slain by an orc
             ... wielding a +0 whip
              (4 damage)
             ... on level 3 of the Dungeon.
             The game lasted 00:02:01 (2442 turns).

M4edhros the Covert (Octopode Artificer)            Turns: 2442, Time: 00:02:02

Health: -2/33      AC:  1    Str: 10    XL:     5   Next: 88%
Magic:  7/7        EV: 12    Int: 15    God:    Gozag
Gold:   135        SH:  0    Dex: 13    Spells: 0 memorised, 4 levels left

rFire  + . .     SeeInvis .     a - +0 short sword
rCold  . . .     Gourm    .     (no shield)
rNeg   . . .     Faith    .     (helmet restricted)
rPois  .         Spirit   .     (no amulet)
rElec  .         Dismiss  .     e - ring of fire
rCorr  .         Reflect  .     n - ring of protection from cold
SustAt .         Harm     .     (no ring)
MR     .....                    (no ring)
Stlth  +++++.....               (no ring)
                                (no ring)
                                (no ring)
                                (no ring)

@: gold aura, not resistant to hostile enchantments, quite stealthy
A: almost no armour, amphibious, 8 rings, constrict 8, camouflage 1, gelatinous
body 1
a: Potion Petition, Call Merchant, Bribe Branch, Renounce Religion


You were on level 3 of the Dungeon.
You worshipped Gozag.
Gozag was noncommittal.
You were hungry.

You visited 2 branches of the dungeon, and saw 5 of its levels.

You collected 163 gold pieces.
You paid 28 gold pieces to Gozag.

Inventory:

Hand Weapons
 a - a +0 short sword (weapon)
Jewellery
 e - a ring of fire (left tentacle)
 n - a ring of protection from cold (right tentacle)
 p - an uncursed ring of ice {unknown}
 q - an uncursed ring of resist corrosion {unknown}
Wands
 b - a wand of flame (14/48)
 c - a wand of enslavement (13/24)
 d - a wand of random effects (15/48)
Scrolls
 h - a scroll of fog {unknown}
 i - 5 scrolls of remove curse {unknown}
 j - 6 scrolls of identify {unknown}
 k - a scroll of enchant weapon {unknown}
 l - a scroll of magic mapping {unknown}
Potions
 m - a potion of degeneration {unknown}
 o - a potion of curing {unknown}
Books
 g - a book of Burglary

   Spells                             Type                      Level
   a - Swiftness                      Charms/Air                   2
   b - Passwall                       Transmutation/Earth          2
   c - Passage of Golubria            Translocation                4
   d - Lee's Rapid Deconstruction     Earth                        5
   e - Darkness                       Hexes                        6
   f - Invisibility                   Hexes                        6
Comestibles
 f - 3 bread rations


   Skills:
 - Level 1.0 Fighting
 - Level 1.0 Short Blades
 - Level 2.0 Dodging
 + Level 8.1 Stealth
 - Level 3.2 Evocations


You had 4 spell levels left.
You didn't know any spells.

Dungeon Overview and Level Annotations

Branches:
Dungeon (4/15)             Temple (1/1) D:4

Altars:
Ashenzari
Dithmenos
Elyvilon
Fedhas
Gozag
Makhleb
Nemelex Xobeh
Pakellas
Qazlal
Sif Muna
Vehumet
Yredelemnul


Innate Abilities, Weirdness & Mutations

You cannot wear most types of armour.
You are amphibious.
You can wear up to eight rings at the same time.
You can use your tentacles to constrict eight enemies at once.
Your skin changes colour to match your surroundings (Stealth).
Your rubbery body absorbs attacks (AC +1).


Message History

Aim: an orc, wielding a whip (chance to defeat MR: 85%)
The orc priest resists with significant effort.
This wand has 14 charges left.
The orc priest hits you from afar with a trident.
The orc priest closely misses you. The orc barely misses you.
A bat comes into view.
Evoke which item? (* to show all) (? for menu, Esc to quit)
Zapping:
c - a wand of enslavement (14/24)
Press: ? - help, Shift-Dir - straight line, f - orc
Aim: an orc, wielding a whip (chance to defeat MR: 85%)
The orc priest resists with significant effort.
This wand has 13 charges left.
The bat moves out of view.
The orc priest invokes the aid of Beogh against you.
Beogh smites you!
* * * LOW HITPOINT WARNING * * *
The orc priest hits you with a hand axe.
* * * LOW HITPOINT WARNING * * *
The orc hits you with a whip.
You die...
Your body crumbles into a pile of gold.

.. ..# ####.#
# ..#.#
#.##.#.#
.....#.#
.......###
#....# #@$#.#
#.?o#o#.#
#...#.o#.####
#####..#....#
o..####.#
..#.#<##.##
.o#.#.....#
##o#.#.....#
##.#..#


You could see 2 orc priests and an orc.

Vanquished Creatures
  A scorpion (D:4)
  A hound (D:4)
  A worker ant (D:4)
  A hound skeleton (D:4)
  4 adders
  A worm (D:2)
  2 dart slugs (D:1)
  A giant gecko (D:1)
  6 orcs
  4 giant cockroaches
  A goblin (D:3)
  4 hobgoblins
  5 jackals (D:3)
  4 kobolds
  2 ball pythons
  3 bats
  A giant gecko skeleton (D:4)
  A giant newt (D:1)
  3 rats
46 creatures vanquished.

Notes
Turn   | Place    | Note
--------------------------------------------------------------
     0 | D:1      | M4edhros the Octopode Artificer began the quest for the Orb.
     0 | D:1      | Reached XP level 1. HP: 13/13 MP: 3/3
    12 | D:1      | Reached skill level 2 in Stealth
   345 | D:1      | Reached skill level 3 in Stealth
   345 | D:1      | Reached XP level 2. HP: 18/18 MP: 4/4
   691 | D:2      | Reached skill level 4 in Stealth
   959 | D:2      | Reached XP level 3. HP: 14/23 MP: 5/5
  1332 | D:4      | Reached skill level 5 in Stealth
  1366 | D:4      | Reached XP level 4. HP: 10/28 MP: 6/6
  1601 | D:4      | Reached skill level 6 in Stealth
  1788 | D:4      | Reached XP level 5. HP: 15/33 MP: 7/7
  2000 | D:4      | Reached skill level 7 in Stealth
  2128 | D:4      | Found a staircase to the Ecumenical Temple.
  2152 | Temple   | Entered the Ecumenical Temple
  2180 | Temple   | Became a worshipper of Gozag Ym Sagoz the Greedy
  2399 | D:3      | Reached skill level 8 in Stealth
  2442 | D:3      | Slain by an orc

Skill      XL: |  1  2  3  4  5 |
---------------+----------------+-----
Stealth        | 3 4 5 6 8 |  8.1
Fighting       | |  1.0
Short Blades   | |  1.0
Dodging        | |  2.0
Evocations     | |  3.2

Action                   |  1- 3 |  4- 6 || total
-------------------------+-------+-------++-------
Melee: Short sword       |    52 |    58 ||   110
       Constrict         |    11 |    16 ||    27
       Tentacles         |     9 |    12 ||    21
Evoke: Wand              |       |     3 ||     3
  Use: Potion            |     2 |       ||     2
 Stab: Sleeping          |     4 |     6 ||    10
  Eat: Chunk             |       |     4 ||     4
Armor: Skin              |     3 |     1 ||     4
Dodge: Dodged            |    36 |    39 ||    75
